 Seeded DCSS version 0.28-a0-657-g71136c5590 (webtiles) character file.

Game seed: 69420690 (custom seed)

0 ekar the Firebug (level 1, 0/13 HPs)
             Began as a Deep Elf Cinder Acolyte on Oct 13, 2021.
             Was a High Priest of Ignis.
             Constricted to death by a ball python (1 damage)
             ... on level 1 of the Dungeon.
             The game lasted 00:02:26 (82 turns).

ekar the Firebug (Deep Elf Cinder Acolyte)            Turns: 82, Time: 00:02:27

Health: 0/13       AC:  2    Str: 11    XL:     1   Next: 8%
Magic:  5/5        EV:  8    Int: 18    God:    Ignis [*****.]
Gold:   13         SH:  0    Dex: 10    Spells: 3/3 levels left

rFire   + . .      SeeInvis .   a - -1 falchion (flame)
rCold   . . .      Faith    .   (no shield)
rNeg    . . .      Spirit   .   b - +0 robe
rPois   .          Reflect  .   (no helmet)
rElec   .          Harm     .   (no cloak)
rCorr   .          Rampage  .   (no gloves)
Will    .....                   (no boots)
Stlth   +.........              (no amulet)
HPRegen 0.04/turn               (no ring)
MPRegen 0.09/turn               (no ring)

@: constricted
A: no striking features
a: Renounce Religion, Sea of Fire, Foxfire Swarm, Rising Flame


You were on level 1 of the Dungeon.
You worshipped Ignis.
Ignis was extremely pleased with you.
You visited 1 branch of the dungeon, and saw 1 of its levels.

You collected 13 gold pieces.

Inventory:

Hand Weapons
 a - a -1 falchion of flaming (weapon)
Armour
 b - a +0 robe (worn)
 c - a +0 leather armour


   Skills:
 + Level 2.4 Fighting
 + Level 2.6 Long Blades
 + Level 1.5 Spellcasting
 + Level 3.3 Fire Magic


You had 3 spell levels left.
You didn't know any spells.
Your spell library contained the following spells:

 Spells                   Type           Power      Damage    Failure   Level
 Scorch                   Fire           26%        2d6       8%          2


Dungeon Overview and Level Annotations

Branches:
Dungeon (1/15)

Altars:


Message History

Unknown command.
Unknown command.
c - a +0 leather armour
There is an open door here.
There is an open door here.
There is an open door here.
There is an open door here.
You open the door.
Found 13 gold pieces.
There is an open door here.
You now have 13 gold pieces.
You open the door.
There is an open door here.
A ball python and a rat come into view.
The ball python hisses angrily.
A frilled lizard comes into view.
The ball python barely misses you. The ball python grabs you.
The ball python constricts you.
You escape the ball python's grasp.
The frilled lizard hisses angrily.
The ball python bites you. The ball python barely misses you.
The rat barely misses you.
Hit: a) -1 falchion (flame)
Press: ? - help, Dir - move target, f - rat
Aim: a rat (about 44% to evade your -1 falchion of flaming)
You hit the rat. You burn the rat.
You kill the rat!
The ball python closely misses you. The ball python misses you.
The ball python bites you. The ball python grabs you.
The ball python constricts you. The frilled lizard bites you.
Hit: a) -1 falchion (flame)
Press: ? - help, Dir - move target, f - frilled lizard
Aim: a frilled lizard (about 65% to evade your -1 falchion of flaming)
You hit the frilled lizard. You burn the frilled lizard.
You kill the frilled lizard!
The ball python barely misses you. The ball python constricts you.
The ball python bites you.
* * * LOW HITPOINT WARNING * * *
The ball python constricts you.
You die...

#.. ... #.#
#.# #.# ### ##
#.# ##.###....
#.###.@....##
#.....S.....#
#.####.####.#
#..# #.#
##.###########
#.'.........#
###.........#
#.........+
#.........#


You could see a ball python.

Vanquished Creatures
  A frilled lizard (D:1)
  A rat (D:1)
2 creatures vanquished.

Notes
Turn   | Place    | Note
-------+----------+-------------------------------------------
     0 | D:1      | ekar the Deep Elf Cinder Acolyte began the quest for the
                  | Orb.
     0 | D:1      | Reached XP level 1. HP: 13/13 MP: 5/5
    82 | D:1      | Constricted to death by a ball python

Illustrated notes

Levels and vault maps discovered:
D:1:      evilmike_arrival_fibonacci_small, layout_loops_ring,
          minmay_misc_feat_five

Action                   || total
-------------------------++-------
Melee: Falchion          ||     2
  Use: Scroll            ||     1
Dodge: Dodged            ||     6

Table legend: (Time is in decaauts)
 A = Elapsed time spent in this place.
 B = Non-inter-level travel time spent in this place.
 C = Inter-level travel time spent in this place.
 D = Time resting spent in this place.
 E = Time spent auto-exploring this place.
 F = Levels seen in this place.
 G = Mean time per level.
                   A        B        C        D        E       F      G
               +--------+--------+--------+--------+--------+-----+--------+
         Total |     82 |     82 |      0 |      0 |      0 |   1 |   82.0 |
       Dungeon |     82 |     82 |      0 |      0 |      0 |   1 |   82.0 |
               +--------+--------+--------+--------+--------+-----+--------+

Top non-repeatable levels by time:
     D:1: 82 daAuts
